 Dungeon Crawl Stone Soup version 0.19.0-9-gfd783f2 (webtiles) character file.

739 Gingerlord the Skirmisher (level 8, -1/68 HPs)
             Began as a Formicid Abyssal Knight on Nov 7, 2016.
             Was a Believer of Lugonu.
             Slain by a slave (4 damage)
             ... led by Pikel
             ... on level 4 of the Dungeon.
             The game lasted 00:13:14 (6245 turns).

Gingerlord the Skirmisher (Formicid Abyssal Knight) Turns: 6245, Time: 00:13:15

Health: -1/68      AC: 10    Str: 19      XL:     8   Next: 4%
Magic:  19/20      EV:  9    Int: 11      God:    Lugonu [**....]
Gold:   185        SH:  0    Dex: 10 (11) Spells: 0 memorised, 7 levels left

rFire  . . .     SeeInvis +     a - +1 falchion
rCold  . . .     Gourm    .     h - +0 chain mail
rNeg   . . .     Faith    .     (no shield)
rPois  .         Spirit   .     (helmet unavailable)
rElec  .         Reflect  .     (no cloak)
rCorr  .         Harm     .     (no gloves)
MR     .....                    (no boots)
Stlth  ..........               (no amulet)
                                b - ring of magical power
                                e - ring of stealth

@: flying, drained
A: permanent stasis, dig shafts and tunnels, four strong arms, antennae 3
a: Dig, Shaft Self, Depart the Abyss, Bend Space, Renounce Religion


You were on level 4 of the Dungeon.
You worshipped Lugonu.
Lugonu was pleased with you.
You were not hungry.

You visited 1 branch of the dungeon, and saw 5 of its levels.
You visited the Abyss 1 time.

You collected 185 gold pieces.

Inventory:

Hand Weapons
 a - a +1 falchion (weapon)
Armour
 h - a +0 chain mail (worn)
Jewellery
 b - a ring of magical power (right hand)
 e - a ring of stealth (left hand)
Wands
 n - a wand of confusion (18/48)
Scrolls
 d - 4 scrolls of identify
 f - 2 scrolls of teleportation
 i - 5 scrolls of fog
 j - a scroll of noise
 l - a scroll of magic mapping
Potions
 m - a potion of magic
Comestibles
 c - 2 bread rations
 o - a beef jerky


   Skills:
 + Level 7.7(7.5) Fighting
 + Level 6.5(6.3) Long Blades
 + Level 7.0(6.8) Armour
 + Level 5.7(5.5) Dodging
 + Level 4.4(4.2) Invocations


You had 7 spell levels left.
You didn't know any spells.

Dungeon Overview and Level Annotations

Branches:
Dungeon (5/15)
 Temple: D:4-7

Altars:

Shops:
D:4 =

Annotations:
D:3 WimpyRanger's ghost, amateur FoTm
D:4 Aguirre's ghost, amateur MiBe; Pikel


Innate Abilities, Weirdness & Mutations

You are under a permanent stasis effect.
You can dig through walls and to a lower floor.
Your four strong arms can wield two-handed weapons with a shield.
You have a pair of large antennae on your head. (SInv)


Message History

Pikel hits you but does no damage.
You hit Pikel.
Pikel is severely wounded.
Pikel barely misses you.
You hit Pikel but do no damage.
Pikel is severely wounded.
Pikel hits you but does no damage.
You hit Pikel but do no damage.
Pikel is severely wounded.
Pikel hits you with a whip of flaming.
* * * LOW HITPOINT WARNING * * *
Pikel burns you.
* * * LOW HITPOINT WARNING * * *
Unknown command.
Space bends around you!
You blink.
* * * LOW HITPOINT WARNING * * *
The slave hits you.
* * * LOW HITPOINT WARNING * * *
The slave hits you.
You die...

#..# #####.####### #.#
#...########.# ##.#
##...........########...
####....###.........>..
##..## ##########...
##..## ##.# ....## #.#
#.#..# #.# #@p##.# #.(
#.p# .# ### #K#.# .#
#p##.# # #ยง# #.# ###
#.# #.# #.


You could see Pikel and 3 slaves.

Vanquished Creatures
  Edmund (D:4)
  A slave (D:4)
  Purgy (D:4)
  A scorpion (D:4)
  A killer bee (D:4)
  A hound (D:4)
  An orc priest (D:4)
  An orc wizard (D:4)
  Jessica (D:3)
  An iguana (D:4)
  2 worker ants (D:4)
  7 adders
  2 oozes (D:4)
  An adder skeleton (D:4)
  4 worms
  2 dart slugs (D:2)
  5 leopard geckos
  3 orcs
  4 bats
  5 giant cockroaches
  12 hobgoblins
  9 jackals
  A quokka (D:2)
  7 frilled lizards
  6 goblins
  5 kobolds
  8 rats (D:2)
93 creatures vanquished.

Notes
Turn   | Place    | Note
-------+----------+-------------------------------------------
     0 | Abyss:1  | Gingerlord the Formicid Abyssal Knight began the quest for the Orb.
     0 | Abyss:1  | Reached XP level 1. HP: 18/18 MP: 2/2
    40 | Abyss:1  | Noticed a large abomination
    46 | D:1      | Escaped the Abyss
   102 | D:1      | Reached skill level 1 in Dodging
   177 | D:1      | Reached XP level 2. HP: 22/24 MP: 3/3
   805 | D:1      | Reached * piety under Lugonu
  1052 | D:2      | HP: 1/24 [hobgoblin (2)]
  1072 | D:1      | HP: 1/24 [frilled lizard (1)]
  1366 | D:1      | Reached XP level 3. HP: 26/29 MP: 3/5
  1881 | D:2      | Reached XP level 4. HP: 27/37 MP: 6/6
  2307 | D:3      | Noticed WimpyRanger's ghost (amateur FoTm)
  3149 | D:4      | Reached skill level 5 in Dodging
  3149 | D:4      | Reached XP level 5. HP: 35/48 MP: 7/7
  3249 | D:4      | Reached XP level 6. HP: 45/55 MP: 8/8
  3273 | D:4      | Got a faintly glowing robe
  3284 | D:4      | Identified the +0 robe "Ciskurhaogu" {rN+++ Slay+2} (You found it on level 4 of the Dungeon)
  3311 | D:4      | Found Qeomon's Jewellery Shop.
  3746 | D:4      | Reached ** piety under Lugonu
  3767 | D:4      | Noticed Edmund
  3788 | D:4      | Killed Edmund
  3788 | D:4      | Reached XP level 7. HP: 10/60 MP: 10/10
  4089 | D:4      | Noticed Aguirre's ghost (amateur MiBe)
  4272 | D:3      | Noticed Jessica
  5128 | D:3      | Killed Jessica
  5506 | D:5      | Entered Level 5 of the Dungeon
  6111 | D:4      | Noticed Purgy
  6130 | D:4      | Killed Purgy
  6130 | D:4      | Reached XP level 8. HP: 64/68 MP: 11/11
  6152 | D:4      | Noticed Pikel
  6245 | D:4      | HP: 3/68 [slave[Pikel] (5)]
  6245 | D:4      | Slain by a slave

Skill      XL: |  1  2  3  4  5  6  7 |
---------------+----------------------+-----
Dodging        | 1 5 |  5.7
Invocations    | 3 4 |  4.4
Fighting       | 7 |  7.7
Long Blades    | 6 |  6.5
Armour         | 6 7 |  7.0

Action                   |  1- 3 |  4- 6 |  7- 9 || total
-------------------------+-------+-------+-------++-------
Melee: Falchion          |    99 |   127 |   264 ||   490
Invok: Depart the Abyss  |     1 |       |       ||     1
       Bend Space        |       |       |     2 ||     2
 Abil: Dig               |       |       |     2 ||     2
Evoke: Wand              |       |       |     1 ||     1
  Use: Potion            |       |     5 |     2 ||     7
       Scroll            |       |       |     6 ||     6
 Stab: Sleeping          |       |     2 |       ||     2
       Invisible         |       |     1 |       ||     1
       Confused          |       |       |     1 ||     1
  Eat: Chunk             |     3 |     6 |     4 ||    13
       Bread ration      |       |       |     1 ||     1
Armor: Leather armour    |    32 |    13 |       ||    45
       Skin              |       |     8 |       ||     8
       Robe              |       |     5 |       ||     5
       Chain mail        |       |       |    89 ||    89
       Scale mail        |       |       |    32 ||    32
Dodge: Dodged            |    88 |    69 |   127 ||   284
       Rpst.: Falchion   |    27 |    19 |    41 ||    87
